 Dungeon Crawl Stone Soup version 0.32-a0-953-g508020473e (webtiles) character file.

Game seed: 12167307683580805866

232 Cancer the Changeling (level 5, -2/40 HPs)
             Began as a Draconian Shapeshifter on Apr 17, 2024.
             Succumbed to a water moccasin's poison
             ... on level 4 of the Dungeon.
             The game lasted 00:08:09 (2988 turns).

Cancer the Changeling (Draconian Shapeshifter)      Turns: 2988, Time: 00:08:09

Health: -2/40      AC:  5    Str: 18    XL:     5   Next: 73%
Magic:  5/5        EV: 11    Int: 11    God:
Gold:   147        SH:  0    Dex: 10    Spells: 4/4 levels left

rFire   . . .        p - +0 hand axe (heavy)
rCold   . . .        (no shield)
rNeg    + . .        (body armour unavailable)
rPois   .            (helmet currently unavailable)
rElec   .            (cloak currently unavailable)
rCorr   .            (gloves currently unavailable)
SInv    .            (boots currently unavailable)
Will    .....        (no amulet)
Stlth   +            r - ring of positive energy
HPRegen 0.26/turn    (no ring)
MPRegen 0.09/turn

%: no passive effects
@: lethally poisoned (-2 -> -11), beast-form
A: beast (slay +3), AC +5, unfitting armour, cold-blooded
a: Begin Untransformation


You were on level 4 of the Dungeon.
You were a hulking beast.
You visited 1 branch of the dungeon, and saw 4 of its levels.

You collected 147 gold pieces.

Inventory:

Hand Weapons
 o - a +0 mace
 p - a +0 heavy hand axe (weapon)
Armour
 k - a +0 buckler
Jewellery
 r - a ring of positive energy (left hand)
Talismans
 b - a beast talisman (active)
 c - a flux talisman
Wands
 t - a wand of paralysis (9)
Scrolls
 e - a scroll of immolation {unknown}
 h - a scroll of butterflies {unknown}
 l - a scroll of enchant weapon {unknown}
 q - a scroll of poison {unknown}
 u - a scroll of identify {unknown}
Potions
 a - a potion of lignification
 d - a potion of resistance {unknown}
 f - a potion of cancellation {unknown}
 g - 2 potions of might {unknown}
 i - 6 potions of curing {unknown}
 j - a potion of brilliance {unknown}
 m - a potion of attraction {unknown}
 n - a potion of degeneration {unknown}
 s - 3 potions of mutation {unknown}


   Skills:
 - Level 1.1 Fighting
 - Level 1.7 Dodging
 - Level 3.0 Unarmed Combat
 + Level 6.1 Shapeshifting


You had 4 spell levels left.
You didn't know any spells.
Your spell library contained the following spells:

 Spells                   Type           Power      Damage    Failure   Level
 Necrotise                Necr           0%         1d4       34%         1
 Summon Small Mammal      Summ           0%         N/A       34%         1
 Mercury Vapours          Alch/Air       0%         N/A       47%         2
 Call Canine Familiar     Summ           0%         N/A       71%         3
 Mephitic Cloud           Conj/Alch/Air  0%         N/A       71%         3
 Vampiric Draining        Necr           0%         2d6       71%         3
 Martyr's Knell           Necr/Summ      0%         N/A       98%         4
 Summon Blazeheart Golem  Fire/Summ      0%         N/A       98%         4
 Curse of Agony           Necr           0%         N/A       100%        5
 Freezing Cloud           Conj/Ice/Air   0%         6-21      100%        5


Dungeon Overview and Level Annotations

Branches:
Dungeon (4/15)
 Temple: D:4-7

Altars:
Yredelemnul


Innate Abilities, Weirdness & Mutations

You are a hulking beast.
Your limbs bulge with bestial killing power. (Slay +3)
Your plain brown scales are hard. (AC +5)
You cannot fit into any form of body armour.
You are cold-blooded and may be slowed by cold attacks.


Message History

The water moccasin bites you but does no damage.
The water moccasin bites you.
An endoplasm comes into view.
You barely miss the water moccasin.
The endoplasm quivers.
The water moccasin bites you but does no damage. x3
You miss the water moccasin.
The water moccasin bites you but does no damage.
The water moccasin bites you. x2
You slash the water moccasin!
The water moccasin is moderately wounded.
You feel less wooden.
You turn into a hulking beast.
The water moccasin bites you. x2
The water moccasin bites you!
* * * LOW HITPOINT WARNING * * *
You slash the water moccasin!
You tail-slap the water moccasin, but do no damage.
The water moccasin is almost dead.
You slash the endoplasm!
You kill the endoplasm!
The water moccasin bites you but does no damage.
The water moccasin closely misses you.
You barely miss the water moccasin.
The water moccasin is almost dead.
The water moccasin barely misses you. The water moccasin bites you.
* * * LOW HITPOINT WARNING * * *
The water moccasin barely misses you.
You closely miss the water moccasin.
Your tail-slap misses the water moccasin.
The water moccasin is almost dead.
The water moccasin closely misses you.
The water moccasin completely misses you.
The water moccasin bites you!
* * * LOW HITPOINT WARNING * * *
You are lethally poisoned!
The water moccasin poisons you!
You closely miss the water moccasin.
Your tail-slap misses the water moccasin.
The water moccasin is almost dead.
You die...

... ...... .#..#
.#..# ...# .
...##... ##S$.....
..[. #h.# .... #
##.## .....
.#..#...# .....
.........### ......
...........###......
.......###..........
....... #..<.......
##...........##.....
##..#.......# ..#.


You could see a water moccasin.

Vanquished Creatures
  An iguana (D:2)
  An orc wizard (D:3)
  11 adders
  3 ribbon worms (D:2)
  2 dart slugs
  5 orcs
  7 bats
  4 endoplasms
  A giant cockroach (D:2)
  9 goblins
  3 hobgoblins
  6 jackals
  3 kobolds (D:1)
  A quokka (D:1)
  7 ball pythons
  5 frilled lizards
  4 rats
73 creatures vanquished.

Notes
Turn   | Place    | Note
-------+----------+-------------------------------------------
     0 | D:1      | Cancer the Draconian Shapeshifter began the quest for the
                  | Orb.
     0 | D:1      | Reached XP level 1. HP: 16/16 MP: 1/1
   324 | D:1      | Reached XP level 2. HP: 23/23 MP: 2/2
   646 | D:1      | Reached skill level 4 in Shapeshifting
   897 | D:2      | Reached XP level 3. HP: 17/28 MP: 3/3
  1096 | D:2      | Found a basalt altar of Yredelemnul.
  1135 | D:2      | Reached XP level 4. HP: 35/35 MP: 4/4
  1511 | D:2      | Reached skill level 5 in Shapeshifting
  1681 | D:2      | Reached XP level 5. HP: 35/40 MP: 5/5
  2574 | D:3      | Reached skill level 6 in Shapeshifting
  2966 | D:4      | Noticed a water moccasin
  2987 | D:4      | HP: 2/40 [water moccasin (7)]
  2988 | D:4      | Succumbed to a water moccasin's poison

Illustrated notes

Levels and vault maps discovered:
D:1:      roderic_octagonal_star, layout_basic
D:2:      layout_basic, basic_altar, minivault_4, minmay_snake_closets
D:3:      layout_rooms
D:4:      wander_river, layout_cave_pools, serial_shops, shop, uniq_grinder

Skill      XL: |  1  2  3  4  5 |
---------------+----------------+-----
Shapeshifting  | 4 5 6 |  6.1
Fighting       | |  1.1
Dodging        | |  1.7
Unarmed Combat | |  3.0

Action                     |  1- 3 |  4- 6 || total
---------------------------+-------+-------++-------
  Melee: Unarmed           |    82 |    77 ||   159
         Tailslap          |    11 |    12 ||    23
         Punch             |     1 |     1 ||     2
         Hand axe          |       |    56 ||    56
         Mace              |       |     8 ||     8
    Use: Potion            |       |     1 ||     1
   Stab: Sleeping          |     2 |     2 ||     4
 Armour: Skin              |    46 |   135 ||   181
  Dodge: Dodged            |    55 |    79 ||   134

Table legend: (Time is in decaauts)
 A = Elapsed time spent in this place.
 B = Non-inter-level travel time spent in this place.
 C = Inter-level travel time spent in this place.
 D = Time resting spent in this place.
 E = Time spent auto-exploring this place.
 F = Levels seen in this place.
 G = Mean time per level.
                   A        B        C        D        E       F      G
               +--------+--------+--------+--------+--------+-----+--------+
         Total |   3034 |   2788 |    246 |     50 |   1872 |   4 |  758.5 |
       Dungeon |   3034 |   2788 |    246 |     50 |   1872 |   4 |  758.5 |
               +--------+--------+--------+--------+--------+-----+--------+

Top non-repeatable levels by time:
     D:2: 1351 daAuts
     D:1: 925 daAuts
     D:3: 710 daAuts
     D:4: 47 daAuts
